 Dungeon Crawl Stone Soup version 0.20.0-15-g7f486f2 (webtiles) character file.

30 Chiseanne the Magician (level 3, 24/24 HPs)
             Began as a Demonspawn Wizard on June 15, 2017.
             Quit the game on level 2 of the Dungeon.
             The game lasted 00:02:13 (1267 turns).

Chiseanne the Magician (Demonspawn Wizard)          Turns: 1267, Time: 00:02:13

Health: 24/24      AC:  5    Str: 11    XL:     3   Next: 3%
Magic:  8/8        EV: 15    Int: 20    God:
Gold:   83         SH:  0    Dex: 11    Spells: 8/9 levels left

rFire    . . .     SeeInvis .   m - +0 mace
rCold    . . .     Gourm    .   (no shield)
rNeg     . . .     Faith    .   l - +0 leather armour
rPois    .         Spirit   .   b - +0 hat
rElec    .         Reflect  .   (no cloak)
rCorr    .         Harm     .   (no gloves)
MR       .....                  (no boots)
Stlth    +.........             (no amulet)
Regen    0.1/turn               a - +4 ring of evasion
MPRegen  0.2/turn               f - +4 ring of strength

@: no status effects
A: talons 1, slimy green scales 1
a: no special abilities


You were on level 2 of the Dungeon.
You were not hungry.

You visited 1 branch of the dungeon, and saw 2 of its levels.

You collected 83 gold pieces.

Inventory:

Hand Weapons
 m - a +0 mace (weapon)
Missiles
 e - 72 stones (quivered)
 j - 28 sling bullets
 o - 16 poisoned needles
Armour
 b - a +0 hat (worn)
 l - a +0 leather armour (worn)
Jewellery
 a - a +4 ring of evasion (left hand)
 f - a +4 ring of strength (right hand)
 g - a +4 ring of dexterity {unknown}
 k - an uncursed amulet of guardian spirit {unknown}
Scrolls
 h - 2 scrolls of teleportation
 i - a scroll of magic mapping
Potions
 n - 2 potions of might {unknown}
 p - a potion of heal wounds {unknown}
Books
 c - a book of Minor Magic

   Spells                             Type                      Level
   a - Magic Dart                     Conjuration                  1
   b - Blink                          Translocation                2
   c - Call Imp                       Summoning                    2
   d - Slow                           Hexes                        2
   e - Conjure Flame                  Conjuration/Fire             3
   f - Mephitic Cloud                 Conjuration/Poison/Air       3
Comestibles
 d - 2 bread rations


   Skills:
 - Level 1.7 Dodging
 - Level 1.7 Stealth
 * Level 3.5 Spellcasting
 * Level 2.2 Conjurations
   Level 1.0 Summonings
   Level 0.8 Translocations


You had 8 spell levels left.
You knew the following spells:

 Your Spells              Type           Power        Failure   Level  Hunger
a - Magic Dart            Conj           ##..         7%          1    None


Dungeon Overview and Level Annotations

Branches:
Dungeon (2/15)

Altars:


Innate Abilities, Weirdness & Mutations

You have sharp toenails.
You are partially covered in slimy green scales. (AC +2)


Message History

Confirm with . or Enter, or press ? or * to list all spells.
You don't have enough magic to cast that spell.
Casting: Magic Dart
Confirm with . or Enter, or press ? or * to list all spells.
You don't have enough magic to cast that spell.
The worm closely misses you.
You hit the worm.
The worm is heavily wounded.
The worm barely misses you.
You thump the worm!
You kill the worm!
You have reached level 3!
Your experience leads to an increase in your attributes!
Your base attributes are Str 7, Int 19, Dex 11.
Increase (S)trength, (I)ntelligence, or (D)exterity?
You feel clever.
Your demonic ancestry asserts itself...
Your toenails lengthen and sharpen.
Your magical contamination has completely faded away.
All of the chunks of flesh in your inventory have rotted away.
Are you sure you want to abandon this character and quit the game? (Confirm with "yes".)

#................####.#
#######.####.#..........
#.####<#...8....##
#.#.......8.8...#
#.#.##.#.8._.8..#
#.#.##....8.8...#
#..........8....#
###.##.........##
#@###.......)# #.#
##.......# #.# ##.....
#.# ..# .## . #.


There were no monsters in sight!

Vanquished Creatures
  An ooze (D:2)
  2 dart slugs (D:1)
  2 worms (D:2)
  A ball python (D:2)
  4 bats
  A giant cockroach (D:1)
  2 goblins (D:1)
  2 frilled lizards (D:1)
  2 kobolds (D:1)
  2 rats (D:1)
19 creatures vanquished.

Notes
Turn   | Place    | Note
-------+----------+-------------------------------------------
     0 | D:1      | Chiseanne the Demonspawn Wizard began the quest for the Orb.
     0 | D:1      | Reached XP level 1. HP: 13/13 MP: 4/4
   346 | D:1      | Gained mutation: You are partially covered in slimy green scales. (AC +2) [demonic ancestry]
   346 | D:1      | Reached XP level 2. HP: 19/19 MP: 0/6
   821 | D:2      | Found a faded altar of an unknown god.
  1202 | D:2      | Gained mutation: You have sharp toenails. [demonic ancestry]
  1202 | D:2      | Reached XP level 3. HP: 24/24 MP: 0/8
  1267 | D:2      | Quit the game

Skill      XL: |  1  2 |
---------------+-------+-----
Conjurations   | 2 |  2.2
Dodging        | |  1.7
Stealth        | |  1.7
Spellcasting   | |  3.5
Summonings     | |  1.0
Translocations | |  0.8

Action                   || total
-------------------------++-------
Melee: Short sword       ||    14
       Mace              ||    11
 Cast: Magic Dart        ||    48
  Use: Scroll            ||     3
  Eat: Chunk             ||     1
Armor: Robe              ||     6
       Leather armour    ||     3
Dodge: Dodged            ||    13
